 Dungeon Crawl Stone Soup version 0.29.0-11-gd7f09526c8 (webtiles) character file.

Game seed: 6018810179631030398

310 SensoryNuts the Cutter (level 6, -1/38 HPs)
             Began as a Kobold Fighter on Sept 2, 2022.
             Slain by Powertoast's ghost (8 damage)
             ... on level 3 of the Dungeon.
             The game lasted 00:03:29 (3434 turns).

SensoryNuts the Cutter (Kobold Fighter)             Turns: 3434, Time: 00:03:30

Health: -1/38      AC: 11    Str: 14    XL:     6   Next: 69%
Magic:  6/6        EV:  5    Int:  9    God:
Gold:   982        SH:  6    Dex: 16    Spells: 5/5 levels left

rFire   . . .      SeeInvis .   a - +1 rapier
rCold   . . .      Faith    .   c - +0 buckler
rNeg    . . .      Spirit   .   p - +0 plate armour
rPois   .          Reflect  .   l - +0 hat
rElec   .          Harm     .   (no cloak)
rCorr   .          Rampage  .   (no gloves)
Will    .....                   (no boots)
Stlth   ..........              (no amulet)
HPRegen 0.12/turn               (no ring)
MPRegen 0.10/turn               (no ring)

@: no status effects
A: small, no large weapons, nightstalker 3
a: no special abilities


You were on level 3 of the Dungeon.
You visited 1 branch of the dungeon, and saw 4 of its levels.

You collected 982 gold pieces.

Inventory:

Hand Weapons
 a - a +1 rapier (weapon)
Armour
 c - a +0 buckler (worn)
 l - a +0 hat (worn)
 p - a +0 plate armour (worn)
Jewellery
 g - a ring of fire
 n - an amulet of the acrobat
Scrolls
 h - a scroll of fear {unknown}
 j - 2 scrolls of teleportation
 k - a scroll of identify
Potions
 b - a potion of attraction {unknown}
 d - a potion of might
 e - 2 potions of lignification
 f - a potion of invisibility
 i - a potion of flight {unknown}
 m - a potion of brilliance {unknown}


   Skills:
 + Level 4.0 Fighting
 + Level 5.0(5.5) Short Blades
 * Level 2.0(2.8) Long Blades
 + Level 3.4 Armour
 + Level 1.4 Dodging
 + Level 1.8 Stealth
 + Level 2.9 Shields


You had 5 spell levels left.
You didn't know any spells.
Your spell library was empty.

Dungeon Overview and Level Annotations

Branches:
Dungeon (4/15)
 Temple: D:4-7

Altars:
Dithmenos
Hepliaklqana
Qazlal
Xom

Shops:
D:2 :

Annotations:
D:3 1 transporter, Powertoast's ghost, amateur HuAr


Innate Abilities, Weirdness & Mutations

You are small and have problems with some larger weapons.
You are completely attuned to the shadows.


Message History

Powertoast's ghost is severely damaged.
The bullfrog skeleton hits you but does no damage.
Powertoast's ghost hits you!
You block the howler monkey skeleton's attack.
You hit Powertoast's ghost.
Powertoast's ghost is almost destroyed.
The bullfrog skeleton hits you but does no damage. x2
Powertoast's ghost barely misses you.
The howler monkey skeleton hits you but does no damage.
You hit Powertoast's ghost but do no damage.
Powertoast's ghost is almost destroyed.
You block the bullfrog skeleton's attack.
You hit Powertoast's ghost but do no damage.
Powertoast's ghost is almost destroyed.
You block the howler monkey skeleton's attack.
Powertoast's ghost hits you but does no damage.
The bullfrog skeleton hits you but does no damage.
You hit Powertoast's ghost but do no damage.
Powertoast's ghost is almost destroyed.
You block the howler monkey skeleton's attack.
Powertoast's ghost screams, "You will join me soon!"
You block Powertoast's ghost's attack.
The bullfrog skeleton hits you but does no damage.
You hit Powertoast's ghost but do no damage.
Powertoast's ghost is almost destroyed.
The bullfrog skeleton hits you but does no damage.
The howler monkey skeleton hits you but does no damage.
Powertoast's ghost hits you.
You block the bullfrog skeleton's attack.
You hit Powertoast's ghost but do no damage.
Powertoast's ghost is almost destroyed.
You block the howler monkey skeleton's attack.
Powertoast's ghost hits you. The bullfrog skeleton hits you.
You hit Powertoast's ghost but do no damage.
Powertoast's ghost is almost destroyed.
The howler monkey skeleton hits you.
* * * LOW HITPOINT WARNING * * *
Powertoast's ghost whispers, "It is all a dream - a grotesque and foolish dream."
Powertoast's ghost hits you!
You die...

.....#..................(......##
..............©...........###....
........#############..<.........
........#..........©#.....###...#
........#.$.........#.....#.)..>.
........#..##...##..#.....#.#.#.#
###<....# #8...8# .#.........#.#
###.....# .##..Z##..#..##........
#....#..# ....©.@W..#..##........
#.##.#..# .##..Z##..#..##........
#.##.#..# #8...8# .#........#.#.
#.##.#..# ##...## #..#.........
#.##.#..#...........#..#...~..§..
#.##.#..#....!?.....#..#..~~~~...
..#..#..#############..#..~§§~...
.#..##........©.............~§...
.#.###.....................~§~~..


You could see Powertoast's ghost, a bullfrog skeleton and a howler monkey
skeleton.

Vanquished Creatures
  Grinder (D:3)
  Terence (D:2)
  A gnoll (D:2)
  3 adders
  A worm (D:2)
  2 dart slugs
  An orc (D:3)
  8 ball pythons
  5 bats
  6 endoplasms
  4 giant cockroaches
  3 goblins
  5 hobgoblins
  4 quokkas
  2 frilled lizards
  6 kobolds
  5 rats
58 creatures vanquished.

Notes
Turn   | Place    | Note
-------+----------+-------------------------------------------
     0 | D:1      | SensoryNuts the Kobold Fighter began the quest for the Orb.
     0 | D:1      | Reached XP level 1. HP: 14/14 MP: 1/1
   264 | D:1      | Reached XP level 2. HP: 10/19 MP: 2/2
   588 | D:1      | Reached skill level 3 in Short Blades
   734 | D:1      | Reached XP level 3. HP: 23/23 MP: 3/3
  1206 | D:2      | Found Sezibit's Book Emporium.
  1212 | D:2      | Noticed Terence
  1222 | D:2      | Killed Terence
  1223 | D:2      | Reached skill level 1 in Long Blades
  1223 | D:2      | Reached skill level 1 in Dodging
  1223 | D:2      | Reached XP level 4. HP: 21/28 MP: 4/4
  1396 | D:2      | You fall into a shaft and drop 2 floors!
  2415 | D:2      | Reached skill level 1 in Stealth
  2442 | D:2      | Identified a scroll of acquirement
  2442 | D:2      | Acquired 803 gold pieces
  2459 | D:3      | Found a faded altar of an unknown god.
  2507 | D:3      | Found a transporter.
  2507 | D:3      | Found a transporter.
  2507 | D:3      | Noticed Powertoast's ghost (amateur HuAr)
  2632 | D:3      | Reached XP level 5. HP: 31/32 MP: 5/5
  2709 | D:3      | Found a stormy altar of Qazlal.
  2821 | D:3      | Noticed Grinder
  2837 | D:3      | Killed Grinder
  2838 | D:3      | Reached skill level 5 in Short Blades
  2838 | D:3      | Reached XP level 6. HP: 26/38 MP: 6/6
  3115 | D:3      | Found a shadowy altar of Dithmenos.
  3283 | D:3      | Found a hazy altar of Hepliaklqana.
  3284 | D:3      | Found a shimmering altar of Xom.
  3285 | D:3      | Noticed a spectral ugly thing
  3286 | D:3      | Noticed a boggart
  3434 | D:3      | Slain by Powertoast's ghost

Illustrated notes

Levels and vault maps discovered:
D:1:      wander_arrival_desolate, layout_loops_ring
D:2:      layout_basic, serial_shops, nicolae_shop_crystal, minmay_pentomino_z4,
          uniq_terence
D:3:      layout_rooms, regret_index_temple_of_mockery,
          nicolae_qazlal_scattered_showers, amcnicky_altar_gilded,
          gammafunk_ghost_mausoleum, nicolae_ecumenical_oubliette,
          kennysheep_decorative_pillar, uniq_grinder
D:4:      layout_basic, hangedman_feature_mirror

Skill      XL: |  1  2  3  4  5  6 |
---------------+-------------------+-----
Short Blades   | 3 5 |  5.0
Long Blades    | 1 2 |  2.0
Dodging        | 1 |  1.4
Stealth        | 1 |  1.8
Armour         | 3 |  3.4
Fighting       | 4 |  4.0
Shields        | |  2.9

Action                   |  1- 3 |  4- 6 || total
-------------------------+-------+-------++-------
Melee: Rapier            |    80 |   111 ||   191
  Use: Scroll            |       |     7 ||     7
       Potion            |       |     1 ||     1
 Stab: Sleeping          |     2 |     1 ||     3
Armor: Scale mail        |    29 |     5 ||    34
       Plate armour      |       |    55 ||    55
Dodge: Dodged            |    34 |    25 ||    59
Block: Buckler           |    27 |    32 ||    59
